 Dungeon Crawl Stone Soup version 0.27.0-1-g7a089689b8 (webtiles) character file.

Game seed: 5407509825061318350

255 fiver49 the Cudgeller (level 6, -4/35 HPs)
             Began as a Gargoyle Necromancer on Aug 4, 2021.
             Slain by a gnoll (9 damage)
             ... on level 2 of the Dungeon.
             The game lasted 00:05:04 (2874 turns).

fiver49 the Cudgeller (Gargoyle Necromancer)        Turns: 2874, Time: 00:05:05

Health: -4/35      AC: 13    Str: 14    XL:     6   Next: 15%
Magic:  9/9        EV:  6    Int: 15    God:
Gold:   49         SH:  0    Dex: 10    Spells: 8/9 levels left

rFire    . . .     SeeInvis .   e - +1 whip (venom)
rCold    . . .     Faith    .   (no shield)
rNeg     + . .     Spirit   .   m - +0 chain mail
rPois    ∞         Reflect  .   (no helmet)
rElec    +         Harm     .   (no cloak)
rCorr    .         Rampage  .   j - +0 pair of gloves
Will     .....                  (no boots)
Stlth    ..........             (no amulet)
HPRegen  0.11/turn              (no ring)
MPRegen  0.11/turn              (no ring)

@: no status effects
A: sickness immunity, AC +4, negative energy resistance 1, electricity
resistance, torment resistance 1, petrification resistance
a: no special abilities


You were on level 2 of the Dungeon.
You visited 1 branch of the dungeon, and saw 2 of its levels.

You collected 49 gold pieces.

Inventory:

Hand Weapons
 b - a +0 club
 e - a +1 whip of venom (weapon)
 l - a +2 morningstar of holy wrath
Armour
 a - a +0 robe
 j - a +0 pair of gloves (worn)
 m - a +0 chain mail (worn)
Jewellery
 k - a +6 ring of intelligence
Scrolls
 d - 3 scrolls of identify {unknown}
 f - 2 scrolls of amnesia {unknown}
 g - a scroll of teleportation {unknown}
 i - a scroll of vulnerability {unknown}
Potions
 c - a potion of heal wounds {unknown}
 h - 2 potions of magic


   Skills:
 - Level 2.0 Fighting
 + Level 5.4 Maces & Flails
 - Level 1.5 Dodging
 - Level 2.1 Stealth
 - Level 2.0 Spellcasting
 - Level 3.2 Necromancy


You had 8 spell levels left.
You knew the following spells:

 Your Spells              Type           Power      Damage    Failure   Level
a - Pain                  Necr           44%        1d6       87%         1

Your spell library contained the following spells:

 Spells                   Type           Power      Damage    Failure   Level
 Animate Skeleton         Necr           22%        N/A       87%         1
 Vampiric Draining        Necr           5%         2d6       99%         3
 Animate Dead             Necr           5%         N/A       100%        4
 Summon Lightning Spire   Summ/Air       1%         N/A       100%        4
 Agony                    Necr           11%        N/A       100%        5
 Storm Form               Tmut/Air       0%         N/A       100%        7
 Maxwell's Capacitive Co  Air            0%         ∞         100%        8


Dungeon Overview and Level Annotations

Branches:
Dungeon (2/15)

Altars:


Innate Abilities, Weirdness & Mutations

You are immune to sickness and miasma.
Your stone body is resilient. (AC +4)
You are immune to poison.
You resist negative energy. (rN+)
You are resistant to electric shocks. (rElec)
You are resistant to unholy torment.
You are immune to petrification.


Message History

You closely miss Sigmund. You barely miss Sigmund.
Sigmund hits you with a +0 scythe.
You hit Sigmund.
Sigmund is poisoned.
Sigmund is lightly wounded.
Sigmund barely misses you.
The gnoll shouts!
You hit Sigmund.
Sigmund looks as sick as possible!
Sigmund is moderately wounded.
Sigmund hits you with a +0 scythe.
You hit Sigmund.
Sigmund looks as sick as possible!
Sigmund is heavily wounded.
Sigmund points at you and mumbles some strange words.
The magic dart hits you.
You hit Sigmund.
Sigmund is severely wounded.
Sigmund gestures at you while chanting.
You are confused.
Sigmund casts a spell at you.
You are more confused.
Sigmund hits you but does no damage.
You kill Sigmund!
Your Maces & Flails skill gained 2 levels and is now at level 5!
You have reached level 5!
You have reached level 6!
Your experience leads to an increase in your attributes!
Increase (S)trength, (I)ntelligence, or (D)exterity?
You feel stronger.
The gnoll hits you from afar with a +0 halberd!
* * * LOW HITPOINT WARNING * * *
You feel less confused.
It was a potion of magic.
Magic courses through your body.
The gnoll hits you from afar with a +0 halberd.
* * * LOW HITPOINT WARNING * * *
The gnoll hits you but does no damage.
Okay, then.
The gnoll barely misses you. The gnoll hits you but does no damage.
There is a stone staircase leading up here.
The gnoll hits you from afar with a +0 halberd!
You die...

#.#...#.#.# #.........#
#.#.#.#.#.# #.........#
#.#.#.#.#.# #.........####
..#.#...#.# #.........##..
..#.#####.# #.........##..
..#.......## ####.......###..
..#.#####..### ###...........##..
..#.# ..#....# #..g#.........#...
..#.# #.#....###@###.........#...
..#.# #.#.....##(###.........#...
..#.. #.#......................).
..#####.#.........#..........##..
........#.###...........>.......>
..#####.#.# #...........###......
..#...#†#.##..............#......
..#.#.#.#.##...........##........
..#.#.#.#..#........>............


You could see a gnoll.

Vanquished Creatures
  Sigmund (D:2)
  Terence (D:2)
  3 gnolls (D:2)
  2 worms (D:2)
  6 ball pythons
  4 bats
  An endoplasm (D:2)
  5 giant cockroaches
  A goblin (D:1)
  4 hobgoblins
  2 jackals (D:1)
  2 quokkas
  3 frilled lizards
  2 kobolds
  7 rats
44 creatures vanquished.

Notes
Turn   | Place    | Note
-------+----------+-------------------------------------------
     0 | D:1      | fiver49 the Gargoyle Necromancer began the quest for the
                  | Orb.
     0 | D:1      | Reached XP level 1. HP: 10/10 MP: 3/3
   276 | D:1      | Reached skill level 1 in Fighting
   453 | D:1      | Reached XP level 2. HP: 17/17 MP: 5/5
  1067 | D:1      | Found a faded altar of an unknown god.
  1197 | D:1      | Reached skill level 1 in Maces & Flails
  1557 | D:1      | Reached XP level 3. HP: 21/21 MP: 6/6
  2031 | D:2      | Reached skill level 2 in Maces & Flails
  2326 | D:2      | Reached XP level 4. HP: 26/26 MP: 7/7
  2359 | D:2      | Noticed Sigmund
  2481 | D:2      | Reached skill level 3 in Maces & Flails
  2720 | D:2      | Noticed Terence
  2730 | D:2      | Killed Terence
  2835 | D:2      | Killed Sigmund
  2836 | D:2      | Reached skill level 5 in Maces & Flails
  2836 | D:2      | Reached XP level 5. HP: 15/30 MP: 8/8
  2836 | D:2      | Reached XP level 6. HP: 18/35 MP: 9/9
  2874 | D:2      | Slain by a gnoll

Illustrated notes

Levels and vault maps discovered:
D:1:      sevenhm_arrival_forest_fort_small_5, layout_basic,
          hellmonk_ecumenical_altar_zigzags, minmay_small_reverse_x
D:2:      layout_rooms, roderic_lattice_a, minmay_tetromino_s2, uniq_sigmund,
          uniq_terence

Skill      XL: |  1  2  3  4 |
---------------+-------------+-----
Fighting       | 1 2 |  2.0
Maces & Flails | 1 2 5 |  5.4
Dodging        | |  1.5
Stealth        | |  2.1
Spellcasting   | |  2.0
Necromancy     | |  3.2

Action                   |  1- 3 |  4- 6 || total
-------------------------+-------+-------++-------
Melee: Club              |    30 |       ||    30
       Whip              |    78 |    33 ||   111
 Cast: Pain              |     6 |       ||     6
  Use: Potion            |       |     1 ||     1
 Stab: Sleeping          |     3 |       ||     3
Armor: Robe              |    43 |     6 ||    49
       Chain mail        |       |     3 ||     3
Dodge: Dodged            |    77 |    17 ||    94
